 Dungeon Crawl Stone Soup version 0.17-a0-2073-gde5cdba (webtiles) character file.

125 emanjonez the Covered (level 4, -2/42 HPs)
             Began as a Deep Dwarf Fighter on Oct 7, 2015.
             Was a Believer of Vehumet.
             Slain by Menkaure (14 damage)
             ... on level 4 of the Dungeon on Oct 14, 2015.
             The game lasted 00:29:58 (2647 turns).

emanjonez the Covered (Deep Dwarf Fighter)          Turns: 2647, Time: 00:29:59

Health: -2/42      AC:  7    Str: 21    XL:     4   Next: 82%
Magic:  2/3        EV:  8    Int:  8    God:    Vehumet [**....]
Gold:   105        SH:  9    Dex: 12    Spells: 2 memorised, 1 level left

rFire  . . .     SeeInvis .     a - +0 flail
rCold  . . .     Clarity  .     b - +0 scale mail
rNeg   . . .     SustAt   .     c - +0 shield
rPois  .         Gourm    .     (no helmet)
rElec  .         Spirit   .     (no cloak)
rCorr  .         Warding  .     (no gloves)
rMut   .         Stasis   .     (no boots)
MR     .....                    (no amulet)
Stlth  ..........               (no ring)
                                (no ring)

@: very slightly contaminated, non-regenerating, not resistant to hostile
enchantments, extremely unstealthy
A: damage resistance, recharge devices, sense surroundings 1, slow regeneration
3
a: Device Recharging, Renounce Religion


You were on level 4 of the Dungeon.
You worshipped Vehumet.
Vehumet was pleased with you.
You were not hungry.

You visited 1 branch of the dungeon, and saw 4 of its levels.

You collected 105 gold pieces.

Inventory:

Hand Weapons
 a - a +0 flail (weapon)
 f - a +0 mace
 h - a +0 club
 i - a +0 club
 k - a +0 club
 m - a +0 dagger
 n - a +0 club
 s - a +0 club
 t - a +0 dagger
 y - a +0 war axe
 z - a +0 club
 D - a +0 falchion
 E - a cursed +0 dagger
 H - a +0 blowgun
 J - a +0 short sword
 K - a +0 spear
 L - a +0 mace
 M - a +0 short sword
 N - a +0 flail
 O - a +0 hand axe
 P - a cursed -3 hand axe
 Q - a +0 whip
 R - a +0 short sword
 V - a +0 flail
Missiles
 g - 36 stones (quivered)
 j - 23 poisoned needles
 C - 53 bolts
 G - 21 sling bullets
 I - 31 arrows
Armour
 b - a +0 scale mail (worn)
 c - a +0 shield (worn)
 l - a +0 leather armour
 o - a +0 chain mail
 p - a +0 scale mail
 v - a +0 robe
 w - a +0 leather armour
 x - a +0 pair of gloves
 S - a +0 leather armour
 T - a +0 chain mail
Wands
 e - a wand of heal wounds (7)
Scrolls
 r - a scroll of recharging
Potions
 d - a potion of might
 q - a potion of resistance
 B - 3 potions of agility {unknown}
 U - a potion of lignification {unknown}
Comestibles
 u - a slice of pizza
 A - 2 beef jerkies
 F - 2 meat rations


   Skills:
 * Level 3.2 Fighting
 + Level 1.0(2.1) Axes
 * Level 2.6(2.8) Maces & Flails
 + Level 4.4 Armour
 + Level 1.2 Dodging
 + Level 0.3 Stealth
 + Level 3.7 Shields
 + Level 0.3 Evocations


You had one spell level left.
You knew the following spells:

 Your Spells              Type           Power        Failure   Level  Hunger
a - Sandblast             Erth           #.....       100%        1    ##.....
b - Flame Tongue          Conj/Fire      #....        100%        1    ##.....


Dungeon Overview and Level Annotations

Branches:
Dungeon (4/15)
 Temple: D:4-7

Altars:
Fedhas
Okawaru
Qazlal
Sif Muna
Trog
Vehumet

Annotations:
D:4 Menkaure


Innate Abilities, Weirdness & Mutations

You are resistant to damage.
You can recharge devices by infusing magical energy.
You passively map a small area around you.
You do not regenerate naturally.


Message History

You are a level 4 Deep Dwarf Fighter.
You are 82% of the way to level 5.
Play time: 00:29:48 (2643 turns) Eat which item? (? for menu, Esc to quit)
Okay, then.
Evoke which item? (* to show all) (? for menu, Esc to quit)
Zapping:
e - a wand of heal wounds (8)
Press: ? - help, Shift-Dir - straight line, f - you, p - Menkaure You feel much better.
This wand has 7 charges left.
Menkaure calls on the powers of darkness!
Your body is wracked with pain!
Menkaure gestures at you while chanting.
Pain shoots through your body!
Menkaure calls on the powers of darkness!
Your body is wracked with pain!
* * * LOW HITPOINT WARNING * * *
Menkaure barely misses you.
You hit Menkaure.
Menkaure is severely damaged.
Menkaure hits you!
You die...

#...............
,
#....###........
##.#..##.#......,
####.##.#......
#.......#.## *
###.##.## .. ,
#.# .#*, . * #.#
,.* , , #.###@#*
.# , #...M## # ,
,, ........# , ,
* * #.#..#..# * *
, .... ...# * *
,...,....# ,,, ..
$....#, , , .
.....>#* ** * *
.#.##..., ,


You could see Menkaure.

Vanquished Creatures
  An orc priest (D:3)
  A gnoll (D:1)
  2 adders (D:2)
  4 worms
  2 giant geckos
  4 orcs (D:3)
  A ball python (D:2)
  3 giant cockroaches
  5 hobgoblins
  2 jackals (D:1)
  7 kobolds
  7 bats
  7 giant newts
  4 goblins
  5 rats
55 creatures vanquished.

Notes
Turn   | Place    | Note
--------------------------------------------------------------
     0 | D:1      | emanjonez the Deep Dwarf Fighter began the quest for the Orb.
     0 | D:1      | Reached XP level 1. HP: 20/20 MP: 1/1
   185 | D:1      | Reached XP level 2. HP: 21/27 MP: 2/2
   576 | D:1      | Reached skill level 4 in Armour
   668 | D:1      | Reached XP level 3. HP: 20/34 MP: 3/3
   757 | D:1      | Upgraded the game from 0.17-a0-1996-gd2c0ec8 to 0.17-a0-2069-g0f4ee5b
   910 | D:2      | Found a faded altar to an unknown god.
   918 | D:2      | Became a worshipper of Vehumet
   918 | D:2      | Reached * piety under Vehumet
   918 | D:2      | Offered knowledge of Sandblast by Vehumet.
  1004 | D:2      | Found a radiant altar of Vehumet.
  1004 | D:2      | Found a stormy altar of Qazlal.
  1012 | D:2      | Found a bloodstained altar of Trog.
  1096 | D:2      | Reached skill level 1 in Dodging
  1146 | D:2      | Learned a level 1 spell: Sandblast
  1498 | D:3      | Reached XP level 4. HP: 42/42 MP: 4/4
  1688 | D:3      | Found a blossoming altar of Fedhas.
  1893 | D:3      | Offered knowledge of Flame Tongue by Vehumet.
  2003 | D:3      | Reached ** piety under Vehumet
  2109 | D:3      | Learned a level 1 spell: Flame Tongue
  2428 | D:3      | Found a deep blue altar of Sif Muna.
  2430 | D:3      | Found an iron altar of Okawaru.
  2497 | D:3      | Reached skill level 1 in Axes
  2525 | D:3      | Upgraded the game from 0.17-a0-2069-g0f4ee5b to 0.17-a0-2073-gde5cdba
  2628 | D:4      | Noticed Menkaure
  2647 | D:4      | Slain by Menkaure

Vault maps used:
D:1:      lightli_arrival_lavapool, minmay_tree_intersection
D:2:      grunt_temple_overflow_open, ecumenical_altar_1
D:3:      nicolae_overflow_hidden_temple, fedhas_altar_2
D:4:      black_bear_nest_2, first_bread, nicolae_ru_the_path_less_chosen,
          uniq_robin, uniq_menkaure

Action                   |  1- 3 |  4- 6 || total
-------------------------+-------+-------++-------
Melee: Flail             |   121 |    71 ||   192
Throw: Stone             |     3 |     4 ||     7
 Abil: Device Recharging |       |     1 ||     1
Evoke: Wand              |     1 |     2 ||     3
  Use: Scroll            |     5 |     1 ||     6
       Potion            |     1 |       ||     1
  Eat: Bread ration      |       |     1 ||     1
       Pizza             |       |     1 ||     1
